 Dungeon Crawl Stone Soup version 0.27-a0-1291-geefcff5 (webtiles) character file.

Game seed: 12559218343174788184

23 Illumine the Vandal (level 2, -5/15 HPs)
             Began as a Spriggan Hunter on June 15, 2021.
             Slain by Sigmund (10 damage)
             ... on level 2 of the Dungeon.
             The game lasted 00:02:10 (643 turns).

Illumine the Vandal (Spriggan Hunter)                Turns: 643, Time: 00:02:10

Health: -5/15      AC:  2    Str:  8    XL:     2   Next: 75%
Magic:  3/3        EV: 18    Int: 12    God:
Gold:   60         SH:  0    Dex: 15    Spells: 1/1 levels left

rFire    . . .     SeeInvis +   a - +1 hunting sling
rCold    . . .     Faith    .   (shield restricted)
rNeg     . . .     Spirit   .   c - +0 robe
rPois    .         Reflect  .   (helmet restricted)
rElec    .         Harm     +   l - scarf {harm}
rCorr    .         Rampage  .   (gloves unavailable)
Will     .....                  (boots unavailable)
Stlth    ++........             (no amulet)
HPRegen  0.05/turn              (no ring)
MPRegen  0.08/turn              (no ring)

@: very quick
A: very small, no large weapons, unfitting armour, see invisible, speed 3
a: no special abilities


You were on level 2 of the Dungeon.
You visited 1 branch of the dungeon, and saw 2 of its levels.

You collected 60 gold pieces.

Inventory:

Hand Weapons
 a - a +1 hunting sling (weapon)
 b - a +0 short sword
Missiles
 d - 38 sling bullets (quivered ammo)
 f - 54 stones
Armour
 c - a +0 robe (worn)
 l - a scarf of harm (worn)
Scrolls
 e - a scroll of noise {unknown}
 g - 2 scrolls of amnesia {unknown}
 h - a scroll of enchant armour {unknown}
 i - a scroll of acquirement {unknown}
 j - a scroll of fear {unknown}
 k - a scroll of identify {unknown}


   Skills:
 + Level 2.0 Fighting
 + Level 5.2 Slings
 + Level 3.4 Dodging
 - Level 1.5 Stealth


You had one spell level left.
You didn't know any spells.
Your spell library was empty.

Dungeon Overview and Level Annotations

Branches:
Dungeon (1/15)

Altars:

Annotations:
D:2 Sigmund


Innate Abilities, Weirdness & Mutations

You are very small and have problems with some larger weapons.
You are too small for most types of armour.
You have supernaturally acute eyesight. (SInv)
You cover ground extremely quickly. (Speed+++)


Message History

Fire: 44 sling bullets
Press: ? - help, Q - select action, (/) - cycle Shift-Dir - straight line, f/p - Sigmund
Aim: Sigmund, wielding a +0 scythe of venom and wearing a +0 robe (slightly transparent, 60% to hit)
You shoot a sling bullet. The sling bullet hits Sigmund!
Sigmund is moderately wounded.
Sigmund gestures at you while chanting.
You are confused.
Non-targeted confused fire: 43 sling bullets
Press: ? - help, Q - select action, (/) - cycle Dir - look around, f - activate You shoot a sling bullet.
Sigmund points at you and mumbles some strange words.
The magic dart hits you!
Ouch! That really hurt!
Non-targeted confused fire: 42 sling bullets
Press: ? - help, Q - select action, (/) - cycle Dir - look around, f - activate You shoot a sling bullet.
You aren't carrying any potions.
Sigmund gestures at you while chanting.
You are more confused.
You're too confused to move!
Sigmund completely misses you.
Non-targeted confused fire: 41 sling bullets
Press: ? - help, Q - select action, (/) - cycle Dir - look around, f - activate You shoot a sling bullet.
Unknown command.
Sigmund gestures at you while chanting. You resist with some effort.
You feel less confused.
Fire: 40 sling bullets
Press: ? - help, Q - select action, (/) - cycle Shift-Dir - straight line, f - Sigmund
Aim: Sigmund, wielding a +0 scythe of venom and wearing a +0 robe (moderately wounded, slightly transparent, 60% to hit)
You shoot a sling bullet.
The sling bullet closely misses Sigmund.
Fire: 39 sling bullets
Press: ? - help, Q - select action, (/) - cycle Shift-Dir - straight line, f/p - Sigmund
Aim: Sigmund, wielding a +0 scythe of venom and wearing a +0 robe (moderately wounded, slightly transparent, 60% to hit)
You shoot a sling bullet.
The sling bullet completely misses Sigmund.
Sigmund hits you from afar with a +0 scythe of venom!
Ouch! That really hurt!
You die...

(.........(....#########
.........(..(......#
...(...........###.#
#######........#⌠#.#
#........###.#
#(...........#
#.....@....###
#..........#
#.....@....#
#..........#
#..........#
##+#########


You could see Sigmund (invisible).

Vanquished Creatures
  3 ball pythons
  3 endoplasms
  A giant cockroach (D:1)
  3 goblins (D:1)
  2 jackals (D:1)
  2 quokkas (D:1)
  2 bats (D:1)
  2 kobolds
  2 rats (D:1)
20 creatures vanquished.

Notes
Turn   | Place    | Note
-------+----------+-------------------------------------------
     0 | D:1      | Illumine the Spriggan Hunter began the quest for the Orb.
     0 | D:1      | Reached XP level 1. HP: 10/10 MP: 2/2
   106 | D:1      | Reached skill level 5 in Slings
   132 | D:1      | Reached XP level 2. HP: 15/15 MP: 3/3
   496 | D:1      | You fall into a shaft and drop 1 floor!
   618 | D:2      | Noticed Sigmund
   643 | D:2      | Slain by Sigmund

Illustrated notes

Levels and vault maps discovered:
D:1:      mushboom_english_gardens, layout_rooms, minmay_tetromino_o4
D:2:      layout_basic, ebering_dispersal_statue_hall, roderic_serpentine_path,
          feat_on_display, uniq_sigmund

Skill      XL: |  1  2 |
---------------+-------+-----
Slings         | 5 |  5.2
Dodging        | 3 |  3.4
Fighting       | 2 |  2.0
Stealth        | |  1.5

Action                   || total
-------------------------++-------
 Fire: Hunting sling     ||    79
Armor: Robe              ||     5
Dodge: Dodged            ||    22

Table legend: (Time is in decaauts)
 A = Elapsed time spent in this place.
 B = Non-inter-level travel time spent in this place.
 C = Inter-level travel time spent in this place.
 D = Time resting spent in this place.
 E = Time spent auto-exploring this place.
 F = Levels seen in this place.
 G = Mean time per level.
                   A        B        C        D        E       F      G
               +--------+--------+--------+--------+--------+-----+--------+
         Total |    485 |    485 |      0 |    113 |    227 |   2 |  242.5 |
       Dungeon |    485 |    485 |      0 |    113 |    227 |   2 |  242.5 |
               +--------+--------+--------+--------+--------+-----+--------+

Top non-repeatable levels by time:
     D:1: 385 daAuts
     D:2: 100 daAuts
